| 
	| TOP OF THE 1ST | 
|---|
 
		| Stanford University Cardinal batting - Pitching for University of North Carolina at Chapel Hill Tar Heels : RHP Josh Reynolds |  
		| Pitching: RHP Josh Reynolds |  |  
		| Batting: SHB Robert Santiago | 0-0: Ball 1-0: Swinging Strike
 1-1:  Fly out, F8  (Flyball, 8LD, EV 100.6 MPH)
 |  
		| Batting: LHB Andy Buschlen | 0-0: Swinging Strike 0-1: Foul Ball, location: 2F
 0-2: Ball
 1-2:  Fly out, F9  (Flyball, 9LS, EV 91.9 MPH)
 |  
		| Batting: SHB Jason Larson | 0-0: Foul Ball, location: 2F 0-1: Called Strike
 0-2: Ball
 1-2: Ball
 2-2:  Fly out, F8  (Flyball, 8RS, EV 83.8 MPH)
 |  
		| Top of the 1st over - 0 runs, 0 hits, 0 errors, 0 left on base; Stanford University 0 - University of North Carolina at Chapel Hill 0 |  
	| BOTTOM OF THE 1ST | 
|---|
 
		| University of North Carolina at Chapel Hill Tar Heels batting - Pitching for Stanford University Cardinal : RHP Kunihiro Sasaki |  
		| Pitching: RHP Kunihiro Sasaki |  |  
		| Batting: RHB David McDonald | 0-0: Swinging Strike 0-1: Foul Ball, location: 2F
 0-2: Strikes out swinging
 |  
		| Batting: RHB Aaron Stout | 0-0: Ball 1-0: Called Strike
 1-1: Called Strike
 1-2: Ball
 2-2: Foul Ball, location: 2F
 2-2: Ball
 3-2: DOUBLE  (Line Drive, 89M, EV 108.1 MPH)
 |  
		| Batting: LHB Jason Raker | 0-0: Foul Ball, location: 2F 0-1: Swinging Strike
 0-2: DOUBLE  (Groundball, 5L, EV 105.6 MPH)
 Aaron Stout scores
 |  
		| Batting: RHB Kazushige Hasegawa | 0-0: Ball 1-0: Swinging Strike
 1-1: Foul Ball, location: 2F
 1-2: Ground out 5-3 (Groundball, 56, EV 105.6 MPH)
 |  
		| Batting: RHB Sam Daw | 0-0: Ball Wild Pitch!
 Jason Raker to third
 1-0: Called Strike
 1-1: Called Strike
 1-2: Strikes out swinging
 |  
		| Bottom of the 1st over - 1 run, 2 hits, 0 errors, 1 left on base; Stanford University 0 - University of North Carolina at Chapel Hill 1 |  
	| TOP OF THE 2ND | 
|---|
 
		| Stanford University Cardinal batting - Pitching for University of North Carolina at Chapel Hill Tar Heels : RHP Josh Reynolds |  
		| Batting: RHB Mike Bell | 0-0: Ground out 6-3 (Groundball, 6M, EV 83.8 MPH) |  
		| Batting: RHB Joe Sandoval | 0-0: Ball 1-0: Ball
 2-0: Called Strike
 2-1: Ball
 3-1: Foul Ball, location: 2F
 3-2:  Fly out, F8  (Flyball, 8LD, EV 96.9 MPH)
 |  
		| Batting: RHB Josh Asch | 0-0: Called Strike 0-1: Ball
 1-1: Ground out 2-3 (Groundball, 2L, EV 75.6 MPH)
 |  
		| Top of the 2nd over - 0 runs, 0 hits, 0 errors, 0 left on base; Stanford University 0 - University of North Carolina at Chapel Hill 1 |  
	| BOTTOM OF THE 2ND | 
|---|
 
		| University of North Carolina at Chapel Hill Tar Heels batting - Pitching for Stanford University Cardinal : RHP Kunihiro Sasaki |  
		| Batting: RHB Chris Skaff | 0-0: Ball 1-0: Ball
 2-0: Ground out 4-3 (Groundball, 34, EV 88.8 MPH)
 |  
		| Batting: RHB Travis Robinson | 0-0: Swinging Strike 0-1: Ball
 1-1: Ball
 2-1: Ball
 3-1: Called Strike
 3-2: Base on Balls
 |  
		| Batting: RHB Jonathan Livingston | 0-0: Ball 1-0: Foul Ball, location: 2F
 1-1: Foul Ball, location: 2F
 1-2: Foul Ball, location: 2F
 1-2: Strikes out swinging
 |  
		| Batting: RHB Norm Wood | 0-0: Ball 1-0: Ball
 2-0: Ball
 3-0: Swinging Strike
 3-1: Called Strike
 3-2: Foul Ball, location: 2F
 3-2: Foul Ball, location: 2F
 3-2: Base on Balls
 Travis Robinson to second
 |  
		| Batting: RHB David McDonald | 0-0: Called Strike 0-1: Ball
 1-1: Ball
 2-1: Called Strike
 2-2: Foul Ball, location: 2F
 2-2: Strikes out swinging
 |  
		| Bottom of the 2nd over - 0 runs, 0 hits, 0 errors, 2 left on base; Stanford University 0 - University of North Carolina at Chapel Hill 1 |  
	| TOP OF THE 3RD | 
|---|
 
		| Stanford University Cardinal batting - Pitching for University of North Carolina at Chapel Hill Tar Heels : RHP Josh Reynolds |  
		| Batting: RHB Kevin Larner | 0-0: Ball 1-0:  Fly out, F7  (Flyball, 78XD, EV 100.6 MPH)
 |  
		| Batting: RHB Adrian Cox | 0-0: Called Strike 0-1: Ball
 1-1: Ground out 6-3 (Groundball, 6S, EV 72.5 MPH)
 |  
		| Batting: SHB Justin Corbett | 0-0: Ball 1-0: Ball
 2-0: Ground out 4-3 (Groundball, 4M, EV 87.5 MPH)
 |  
		| Top of the 3rd over - 0 runs, 0 hits, 0 errors, 0 left on base; Stanford University 0 - University of North Carolina at Chapel Hill 1 |  
	| BOTTOM OF THE 3RD | 
|---|
 
		| University of North Carolina at Chapel Hill Tar Heels batting - Pitching for Stanford University Cardinal : RHP Kunihiro Sasaki |  
		| Batting: RHB Aaron Stout | 0-0: Called Strike 0-1: Swinging Strike
 0-2: Ball
 1-2: Ball
 2-2: Ball
 3-2: Strikes out swinging
 |  
		| Batting: LHB Jason Raker | 0-0: Called Strike 0-1: Ball
 1-1: SINGLE  (Line Drive, 7LS, EV 114.4 MPH)
 |  
		| Batting: RHB Kazushige Hasegawa | 0-0: Ball 1-0: Called Strike
 Jason Raker is caught stealing 2nd base 2-4
 1-1: SINGLE  (Line Drive, 8RS, EV 97.5 MPH)
 |  
		| Batting: RHB Sam Daw | 0-0: Foul Ball, location: 2F 0-1: Called Strike
 0-2: Foul Ball, location: 2F
 0-2: Ball
 1-2: DOUBLE  (Flyball, 9LD, EV 105.0 MPH)
 Kazushige Hasegawa to third
 |  
		| Batting: RHB Chris Skaff | 0-0: Called Strike 0-1: Ball
 1-1: Called Strike
 1-2: Strikes out swinging
 |  
		| Bottom of the 3rd over - 0 runs, 3 hits, 0 errors, 2 left on base; Stanford University 0 - University of North Carolina at Chapel Hill 1 |  
	| TOP OF THE 4TH | 
|---|
 
		| Stanford University Cardinal batting - Pitching for University of North Carolina at Chapel Hill Tar Heels : RHP Josh Reynolds |  
		| Batting: SHB Robert Santiago | 0-0: Swinging Strike 0-1: Foul Ball, location: 2F
 0-2: Ball
 1-2: Reached on error, E7 (Line Drive, 7D, EV 108.8 MPH)
 |  
		| Batting: LHB Andy Buschlen | 0-0: Foul Ball, location: 2F 0-1: Called Strike
 0-2: Ball
 1-2: Ball
 2-2: Fielders Choice at 2nd, 5-4 (Groundball, 56, EV 86.9 MPH)
 |  
		| Batting: SHB Jason Larson | 0-0: Fielders Choice at 2nd, 1-6 (Groundball, 13, EV 75.6 MPH) |  
		| Batting: RHB Mike Bell | 0-0: Ball Jason Larson steals 2nd base
 1-0: Ground out 4-3 (Groundball, 4, EV 110.0 MPH)
 |  
		| Top of the 4th over - 0 runs, 0 hits, 1 error, 1 left on base; Stanford University 0 - University of North Carolina at Chapel Hill 1 |  
	| BOTTOM OF THE 4TH | 
|---|
 
		| University of North Carolina at Chapel Hill Tar Heels batting - Pitching for Stanford University Cardinal : RHP Kunihiro Sasaki |  
		| Batting: RHB Travis Robinson | 0-0: Foul Ball, location: 2F 0-1: Swinging Strike
 0-2: Foul Ball, location: 2F
 0-2: Strikes out swinging
 |  
		| Batting: RHB Jonathan Livingston | 0-0: Called Strike 0-1: Ball
 1-1: Foul Ball, location: 2F
 1-2: Strikes out looking
 |  
		| Batting: RHB Norm Wood | 0-0: Ball 1-0: Foul Ball, location: 2F
 1-1: Ball
 2-1: Foul Ball, location: 2F
 2-2: Foul Ball, location: 2F
 2-2: Foul Ball, location: 2F
 2-2: Strikes out swinging
 |  
		| Bottom of the 4th over - 0 runs, 0 hits, 0 errors, 0 left on base; Stanford University 0 - University of North Carolina at Chapel Hill 1 |  
	| TOP OF THE 5TH | 
|---|
 
		| Stanford University Cardinal batting - Pitching for University of North Carolina at Chapel Hill Tar Heels : RHP Josh Reynolds |  
		| Pitching: RHP Bryan Szydlowski |  |  
		| Batting: RHB Joe Sandoval | 0-0: Called Strike 0-1: Ball
 1-1: Ball
 2-1: Ball
 3-1: Base on Balls
 |  
		| Batting: RHB Josh Asch | 0-0: Foul Ball, location: 2F 0-1: Ball
 1-1: Swinging Strike
 1-2: Strikes out looking
 |  
		| Batting: RHB Kevin Larner | 0-0: Called Strike 0-1: Foul Ball, location: 2F
 0-2: Ball
 1-2: Fielders Choice at 2nd, 4-6 (Groundball, 34, EV 88.8 MPH)
 |  
		| Batting: RHB Adrian Cox | 0-0: Ball 1-0: Swinging Strike
 1-1: Called Strike
 1-2: Foul Ball, location: 2F
 1-2: Ground out 5-3 (Groundball, 56S, EV 89.4 MPH)
 |  
		| Top of the 5th over - 0 runs, 0 hits, 0 errors, 1 left on base; Stanford University 0 - University of North Carolina at Chapel Hill 1 |  
	| BOTTOM OF THE 5TH | 
|---|
 
		| University of North Carolina at Chapel Hill Tar Heels batting - Pitching for Stanford University Cardinal : RHP Kunihiro Sasaki |  
		| Pitching: RHP Carlos Cheas |  |  
		| Batting: RHB David McDonald | 0-0: Called Strike 0-1: Foul Ball, location: 2F
 0-2: Ball
 1-2: SINGLE  (Line Drive, 8RS, EV 93.1 MPH)
 |  
		| Batting: RHB Aaron Stout | 0-0: Ball David McDonald steals 2nd base
 1-0:  Fly out, F8  (Flyball, 8LD, EV 87.5 MPH)
 |  
		| Batting: LHB Jason Raker | 0-0: Ball 1-0: Called Strike
 1-1: Ball
 2-1: Swinging Strike
 2-2: Strikes out swinging
 |  
		| Batting: RHB Kazushige Hasegawa | 0-0: Called Strike 0-1: Called Strike
 0-2: Strikes out looking
 |  
		| Bottom of the 5th over - 0 runs, 1 hit, 0 errors, 1 left on base; Stanford University 0 - University of North Carolina at Chapel Hill 1 |  
	| TOP OF THE 6TH | 
|---|
 
		| Stanford University Cardinal batting - Pitching for University of North Carolina at Chapel Hill Tar Heels : RHP Bryan Szydlowski |  
		| Batting: SHB Justin Corbett | 0-0: Swinging Strike 0-1: Swinging Strike
 0-2: Ball
 1-2: Ball
 2-2: Ball
 3-2: Strikes out swinging
 |  
		| Batting: SHB Robert Santiago | 0-0: Foul Ball, location: 2F 0-1: Ball
 1-1: Called Strike
 1-2: Foul Ball, location: 2F
 1-2: Foul Ball, location: 2F
 1-2: Ball
 2-2: Foul Ball, location: 2F
 2-2: Ground out 6-3 (Groundball, 6, EV 104.4 MPH)
 |  
		| Batting: LHB Andy Buschlen | 0-0: Called Strike 0-1: Ball
 1-1: Foul Ball, location: 2F
 1-2: Strikes out swinging
 |  
		| Top of the 6th over - 0 runs, 0 hits, 0 errors, 0 left on base; Stanford University 0 - University of North Carolina at Chapel Hill 1 |  
	| BOTTOM OF THE 6TH | 
|---|
 
		| University of North Carolina at Chapel Hill Tar Heels batting - Pitching for Stanford University Cardinal : RHP Carlos Cheas |  
		| Batting: RHB Sam Daw | 0-0:  SOLO HOME RUN  (Flyball, 7LD, EV 99.4 MPH), Distance : 376 ft |  
		| Batting: RHB Chris Skaff | 0-0:  Fly out, F7  (Flyball, 7LS, EV 86.2 MPH) |  
		| Batting: RHB Travis Robinson | 0-0: Called Strike 0-1:  Fly out, F6  (Popup, 6MS, EV 79.4 MPH)
 |  
		| Batting: RHB Jonathan Livingston | 0-0: Foul Ball, location: 2F 0-1: Ball
 1-1: Ball
 2-1: Ball
 3-1: Base on Balls
 |  
		| Batting: RHB Norm Wood | 0-0: Foul Ball, location: 2F 0-1: Called Strike
 0-2: Ball
 1-2: Strikes out swinging
 |  
		| Bottom of the 6th over - 1 run, 1 hit, 0 errors, 1 left on base; Stanford University 0 - University of North Carolina at Chapel Hill 2 |  
	| TOP OF THE 7TH | 
|---|
 
		| Stanford University Cardinal batting - Pitching for University of North Carolina at Chapel Hill Tar Heels : RHP Bryan Szydlowski |  
		| Pitching: RHP Jose Robles |  |  
		| Batting: SHB Jason Larson | 0-0: Swinging Strike 0-1: Ball
 1-1: Swinging Strike
 1-2: Ball
 2-2: Strikes out looking
 |  
		| Batting: RHB Mike Bell | 0-0: Ball 1-0: Ball
 2-0: Called Strike
 2-1: Ball
 3-1: Swinging Strike
 3-2: Base on Balls
 |  
		| Batting: RHB Joe Sandoval | 0-0: Called Strike 0-1: Foul Ball, location: 2F
 0-2: SINGLE  (Line Drive, 8LS, EV 96.2 MPH)
 Mike Bell to second
 |  
		| Batting: RHB Josh Asch | 0-0: Called Strike 0-1: Called Strike
 0-2: Ball
 1-2: Strikes out looking
 |  
		| Batting: RHB Kevin Larner | 0-0: Called Strike 0-1: Fielders Choice at 2nd, 6-4 (Groundball, 6, EV 76.9 MPH)
 |  
		| Top of the 7th over - 0 runs, 1 hit, 0 errors, 2 left on base; Stanford University 0 - University of North Carolina at Chapel Hill 2 |  
	| BOTTOM OF THE 7TH | 
|---|
 
		| University of North Carolina at Chapel Hill Tar Heels batting - Pitching for Stanford University Cardinal : RHP Carlos Cheas |  
		| Pinch Hitting: RHB Akira Kubo | 0-0: Called Strike 0-1: Ball
 1-1: Swinging Strike
 1-2: Ball
 2-2: Strikes out swinging, 2-3 out at first.
 |  
		| Pinch Hitting: RHB Andy Baumhardt | 0-0: Ball 1-0: Called Strike
 1-1: Ground out 5-3 (Groundball, 56, EV 88.1 MPH)
 |  
		| Pinch Hitting: RHB George Boivin | 0-0: Ball 1-0: Called Strike
 1-1: Swinging Strike
 1-2: Ball
 2-2: Foul Ball, location: 2F
 2-2: Foul Ball, location: 2F
 2-2: Strikes out swinging
 |  
		| Bottom of the 7th over - 0 runs, 0 hits, 0 errors, 0 left on base; Stanford University 0 - University of North Carolina at Chapel Hill 2 |  
	| TOP OF THE 8TH | 
|---|
 
		| Stanford University Cardinal batting - Pitching for University of North Carolina at Chapel Hill Tar Heels : RHP Jose Robles |  
		| Now at 1B: Guo Kwok |  |  
		| Now at 2B: Carlos Almada |  |  
		| Now in LF: Dave Bertheau |  |  
		| Batting: RHB Adrian Cox | 0-0: Called Strike 0-1: Ball
 1-1: Called Strike
 1-2: Foul Ball, location: 2F
 1-2: Strikes out looking
 |  
		| Batting: SHB Justin Corbett | 0-0:  Fly out, F8  (Flyball, 8LD, EV 100.0 MPH) |  
		| Pinch Hitting: LHB Justin O'Neal | 0-0: Foul Ball, location: 2F 0-1: Ball
 1-1: Foul Ball, location: 2F
 1-2: Strikes out swinging
 |  
		| Top of the 8th over - 0 runs, 0 hits, 0 errors, 0 left on base; Stanford University 0 - University of North Carolina at Chapel Hill 2 |  
	| BOTTOM OF THE 8TH | 
|---|
 
		| University of North Carolina at Chapel Hill Tar Heels batting - Pitching for Stanford University Cardinal : RHP Carlos Cheas |  
		| Pitching: RHP Adam Dennis |  |  
		| Now at 3B: Justin O'Neal |  |  
		| Batting: RHB Robby Sandez | 0-0: Ball 1-0: Ball
 2-0: Reached on error, E5 (Groundball, 56, EV 105.6 MPH)
 |  
		| Batting: RHB Sam Daw | 0-0: Ball 1-0: Ball
 2-0: Called Strike
 2-1: Foul Ball, location: 2F
 2-2: Ball
 3-2: Ground out 6-3 (Groundball, 6, EV 86.9 MPH)
 |  
		| Batting: RHB Chris Skaff | 0-0: Called Strike 0-1: Ball
 1-1: Ball
 2-1: Ball
 3-1: Called Strike
 3-2: Strikes out swinging
 |  
		| Pinch Hitting: LHB Edgar Ortiz | 0-0: Called Strike 0-1: Ball
 1-1: Swinging Strike
 1-2:  Fly out, F7  (Flyball, 78S, EV 80.0 MPH)
 |  
		| Bottom of the 8th over - 0 runs, 0 hits, 1 error, 1 left on base; Stanford University 0 - University of North Carolina at Chapel Hill 2 |  
	| TOP OF THE 9TH | 
|---|
 
		| Stanford University Cardinal batting - Pitching for University of North Carolina at Chapel Hill Tar Heels : RHP Jose Robles |  
		| Pitching: LHP Ken Dewey |  |  
		| Now at 3B: Edgar Ortiz |  |  
		| Batting: LHB Andy Buschlen | 0-0: Ground out 3-1 (Groundball, 34, EV 103.8 MPH) |  
		| Pinch Hitting: RHB Victor Robledo | 0-0: Called Strike 0-1: Ground out 6-3 (Groundball, 6M, EV 110.0 MPH)
 |  
		| Batting: RHB Mike Bell | 0-0: Ball 1-0: Ball
 2-0: Ball
 3-0: Called Strike
 3-1: Foul Ball, location: 2F
 3-2: Ground out 6-3 (Groundball, 6, EV 89.4 MPH)
 |  
		| Top of the 9th over - 0 runs, 0 hits, 0 errors, 0 left on base; Stanford University 0 - University of North Carolina at Chapel Hill 2 |  |